 Dungeon Crawl Stone Soup version 0.30-a0-439-g9e77e4d916 (webtiles) character file.

Game seed: 1674405543088344219

4377 ders the Fighter (level 10, -2/94 HPs)
             Began as a Minotaur Fighter on Dec 10, 2022.
             Was an Elder of Okawaru.
             Slain by a yak (7 damage)
             ... on level 8 of the Dungeon.
             The game lasted 00:09:46 (7710 turns).

ders the Fighter (Minotaur Fighter)                 Turns: 7710, Time: 00:09:46

Health: -2/94      AC:  9    Str: 24    XL:     10   Next: 13%
Magic:  9/9        EV:  9    Int:  5    God:    Okawaru [****..]
Gold:   262        SH:  5    Dex: 11    Spells: 9/9 levels left

rFire   . . .      SeeInvis .    a - +0 war axe
rCold   . . .      Faith    .    c - +0 buckler
rNeg    . . .      Spirit   .    b - +0 scale mail
rPois   .          Reflect  .    (helmet restricted)
rElec   .          Harm     .    u - +0 cloak
rCorr   .          Rampage  .    (no gloves)
Will    .....                    (no boots)
Stlth   ..........               (no amulet)
HPRegen 0.35/turn                (no ring)
MPRegen 0.11/turn                (no ring)

@: mighty, silenced (expiring), attractive
A: horns 2, retaliatory headbutt
a: Renounce Religion


You were on level 8 of the Dungeon.
You worshipped Okawaru.
Okawaru was greatly pleased with you.
You visited 2 branches of the dungeon, and saw 9 of its levels.

You collected 334 gold pieces.
You spent 72 gold pieces at shops.

Inventory:

Hand Weapons
 a - a +0 war axe (weapon)
Armour
 b - a +0 scale mail (worn)
 c - a +0 buckler (worn)
 u - a +0 cloak (worn)
Jewellery
 f - a +6 ring of intelligence
 l - a +6 ring of strength
 m - a ring of magical power
 r - an amulet of guardian spirit
 C - a ring of resist corrosion
 F - a +6 ring of dexterity
 G - a +4 ring of protection
Wands
 t - a wand of acid (9)
 y - a wand of paralysis (6)
 H - a wand of iceblast (12)
Scrolls
 d - a scroll of enchant armour {unknown}
 e - a scroll of poison
 h - 3 scrolls of immolation
 k - a scroll of identify
 o - a scroll of silence
 p - a scroll of magic mapping {unknown}
 x - 2 scrolls of vulnerability
 z - a scroll of enchant weapon {unknown}
 D - 2 scrolls of amnesia
 I - a scroll of torment {unknown}
 J - a scroll of noise {unknown}
Potions
 n - 3 potions of mutation
 q - a potion of attraction
 s - a potion of ambrosia {unknown}
 w - a potion of brilliance {unknown}
 A - a potion of lignification {unknown}
 B - 2 potions of might
 E - a potion of degeneration {unknown}


   Skills:
 * Level 10.9 Fighting
 * Level 10.5 Axes
 + Level 8.1 Armour
 + Level 8.0 Shields


You had 9 spell levels left.
You didn't know any spells.
Your spell library contained the following spells:

 Spells                   Type           Power      Damage    Failure   Level
 Apportation              Tloc           0%         N/A       82%         1
 Magic Dart               Conj           0%         1d3       82%         1
 Slow                     Hex            0%         N/A       82%         1
 Blink                    Tloc           0%         N/A       91%         2
 Momentum Strike          Conj/Tloc      0%         3d8       91%         2
 Sublimation of Blood     Necr           0%         N/A       91%         2
 Wereblood                Tmut           0%         N/A       91%         2
 Confusing Touch          Hex            0%         N/A       99%         3
 Ignite Poison            Fire/Tmut/Pois 0%         N/A       99%         3
 Kindle Blastsparks       Fire/Tloc/Air  0%         2d10      99%         3
 Lesser Beckoning         Tloc           0%         N/A       99%         3
 Mephitic Cloud           Conj/Pois/Air  0%         N/A       99%         3
 Vampiric Draining        Necr           0%         2d6       99%         3
 Freezing Cloud           Conj/Ice/Air   0%         6-21      100%        5
 Call Imp                 Summ           Unusable   N/A       N/A         2
 Summon Hydra             Summ           Unusable   N/A       N/A         7

Dungeon Overview and Level Annotations

Branches:
Dungeon (8/15)             Temple (1/1) D:4
   Lair: D:8-11

Altars:
Ashenzari
Cheibriados
Dithmenos
Elyvilon
Fedhas
Gozag
Hepliaklqana
Kikubaaqudgha
Makhleb
Okawaru
Qazlal
Ru
Sif Muna
Trog
Vehumet
Xom
Yredelemnul
Zin
The Shining One

Shops:
D:5 *   D:7 !?   D:8 =


Innate Abilities, Weirdness & Mutations

You have a pair of horns on your head.
You reflexively headbutt those who attack you in melee.


Message History

The yak is engulfed in poison gas.
The yak is poisoned.
The yak gores you!
* * * LOW HITPOINT WARNING * * *
The yak is engulfed in poison gas.
The yak looks even sicker.
You feel better. The yak gores you!
* * * LOW HITPOINT WARNING * * *
You feel better. The yak gores you but does no damage.
The yak looks more healthy.
The yak attacks as you move away! The yak gores you!
* * * LOW HITPOINT WARNING * * *
You slash the yak!
The yak is almost dead.
You hit the yak. Your headbutt misses the yak.
The yak is almost dead.
The yak closely misses you. You furiously retaliate!
You headbutt the yak!
You kill the yak!
Okawaru accepts your kill.
You have reached level 10!
You hit the yak. You headbutt the yak!
You kill the yak!
Okawaru accepts your kill.
You hit the yak.
Your Armour skill increases to level 8!
You slice the yak!!
You kill the yak!
Okawaru accepts your kill.
You barely miss the yak. You slash the yak!
The yak is almost dead.
The yak gores you but does no damage.
You slash the yak!
You kill the yak!
Okawaru accepts your kill.
You hit the yak. The yak gores you!
* * * LOW HITPOINT WARNING * * *
Your Shields skill increases to level 8!
It was a potion of attraction.
You feel attractive to monsters. The yak gores you!
You die...

.... ... .##.. ..##
........... .<.#
##......... ...#
#.........#
)..###.........###
>..##............### .
.Y..#............Y.# ..
(.Y.[.###.......@Y.# ...
...Y[..##.......##.##....
.....<.)#..##.###.......#
....#.∩.#.###.)#...######
#..###)....##.YY)).#
.#..##....###.Y##†##
.....#..#..##...†.##
.....K..#.(##......#
...##...#..##..#..##


You could see 2 yaks.

Vanquished Creatures
  10 yaks (D:8)
  2 steam dragons (D:7)
  Edmund (D:5)
  A water moccasin (D:6)
  Pargi (D:3)
  An orc warrior (D:7)
  A centaur (D:6)
  5 kobold brigands
  5 bullfrogs
  5 necrophages
  2 scorpions
  8 wights
  4 jellies
  3 hounds
  Jessica (D:3)
  9 iguanas
  2 orc wizards (D:7)
  A hound zombie (D:4)
  A howler monkey zombie (D:4)
  5 adders
  A shadow imp (D:7)
  3 white imps
  An adder zombie (D:4)
  A worm (D:3)
  3 dart slugs
  6 orcs
  7 ball pythons
  5 bats
  An endoplasm (D:3)
  2 giant cockroaches
  7 hobgoblins
  3 jackals (D:2)
  6 quokkas
  4 frilled lizards
  5 goblins
  19 kobolds
  6 rats
  A bush (D:4)
149 creatures vanquished.

Vanquished Creatures (others)
  A kobold (D:7)
  2 bushes
  11 plants (D:4)
14 creatures vanquished.

Grand Total: 163 creatures vanquished

Notes
Turn   | Place    | Note
-------+----------+-------------------------------------------
     0 | D:1      | ders the Minotaur Fighter began the quest for the Orb.
     0 | D:1      | Reached XP level 1. HP: 19/19 MP: 0/0
   360 | D:1      | Reached XP level 2. HP: 27/27 MP: 1/1
   873 | D:2      | Reached XP level 3. HP: 33/33 MP: 2/2
  1738 | D:3      | Noticed Jessica
  1743 | D:3      | Killed Jessica
  1744 | D:3      | Reached XP level 4. HP: 35/41 MP: 3/3
  1798 | D:3      | Found a broken altar of Ashenzari.
  1952 | D:3      | Found a sacrificial altar of Ru.
  2030 | D:3      | Found an opulent altar of Gozag.
  2063 | D:3      | Found a burning altar of Makhleb.
  2068 | D:3      | Found a shadowy altar of Dithmenos.
  2232 | D:3      | Noticed Pargi
  2244 | D:3      | Killed Pargi
  2245 | D:3      | Reached skill level 5 in Fighting
  2245 | D:3      | Reached XP level 5. HP: 40/48 MP: 4/4
  2894 | D:4      | Found a blossoming altar of Fedhas.
  2931 | D:4      | Found a staircase to the Ecumenical Temple.
  2944 | Temple   | Entered the Ecumenical Temple
  3051 | Temple   | Became a worshipper of Warmaster Okawaru
  3248 | D:4      | Reached XP level 6. HP: 50/57 MP: 5/5
  3634 | D:4      | Reached skill level 5 in Axes
  3656 | D:4      | Reached skill level 5 in Armour
  3656 | D:4      | Reached skill level 5 in Shields
  3721 | D:5      | Entered Level 5 of the Dungeon
  3754 | D:5      | Reached * piety under Okawaru
  3755 | D:5      | Reached XP level 7. HP: 55/64 MP: 6/6
  3869 | D:5      | Noticed Edmund
  3882 | D:5      | Killed Edmund
  4535 | D:5      | Reached XP level 8. HP: 65/73 MP: 7/7
  4582 | D:5      | Found Wasegg's Assorted Antiques.
  4763 | D:5      | Found a stormy altar of Qazlal.
  4818 | D:6      | Reached ** piety under Okawaru
  4997 | D:6      | Found an ancient bone altar of Kikubaaqudgha.
  4997 | D:6      | Found a shimmering blue altar of Sif Muna.
  4999 | D:6      | Found a radiant altar of Vehumet.
  5004 | D:6      | Got Sif Muna's Monograph on Coordinates
  6371 | D:7      | Reached XP level 9. HP: 72/83 MP: 8/8
  6376 | D:7      | Reached *** piety under Okawaru
  6633 | D:7      | Found Noopt's Magic Scroll Shoppe.
  6791 | D:7      | Found Emnic's Distillery.
  6797 | D:7      | Bought a potion of curing for 36 gold pieces
  6797 | D:7      | Bought a potion of curing for 36 gold pieces
  7135 | D:7      | Found a snail-covered altar of Cheibriados.
  7225 | D:8      | Found Bixkagh's Jewellery Shoppe.
  7626 | D:8      | Reached skill level 10 in Fighting
  7628 | D:8      | Reached **** piety under Okawaru
  7663 | D:8      | HP: 4/86 [yak (7)]
  7664 | D:8      | Reached skill level 10 in Axes
  7705 | D:8      | Reached XP level 10. HP: 15/94 MP: 9/9
  7710 | D:8      | Slain by a yak

Illustrated notes

Levels and vault maps discovered:
D:1:      onia_arrival_mini_spirals, layout_basic
D:2:      layout_basic
D:3:      layout_basic, lemuel_doored_altar, nicolae_ru_path_of_blood,
          grunt_temple_overflow_open, uniq_jessica, uniq_pargi
D:4:      layout_loops_ring, fedhas_altar_decomposition,
          minmay_temple_entry_wispy
D:5:      layout_gridville, mainiacjoe_overflow_alcove_2, serial_shops, shop,
          uniq_edmund
D:6:      layout_loops_ring, grunt_temple_overflow_magic_moments,
          grunt_decor_fettered, kb_lookout_dungeons_type
D:7:      layout_loops_ring, mainiacjoe_overflow_alcove_4, serial_shops,
          shop_fountains, nicolae_shop_statue_plus
D:8:      layout_cave_pools, general_overflow_altar, erik_lair_dragon,
          enter_bailey_5, serial_shops, shop, nicolae_transporter_circle
Temple:   hellmonk_temple_beads

Skill      XL: |  1  2  3  4  5  6  7  8  9 10 |
---------------+-------------------------------+-----
Fighting       | 4 5 6 7 9 10 | 10.9
Axes           | 3 4 5 6 8 10 | 10.5
Armour         | 4 5 6 7 8 |  8.1
Shields        | 4 5 6 7 8 |  8.0

Action                   |  1- 3 |  4- 6 |  7- 9 | 10-12 || total
-------------------------+-------+-------+-------+-------++-------
Melee: War axe           |    71 |    97 |   260 |     4 ||   432
       Headbutt          |     7 |    17 |    60 |     1 ||    85
Invok: Heroism           |       |       |     1 |       ||     1
  Use: Potion            |       |     1 |     8 |     1 ||    10
       Scroll            |       |       |    12 |       ||    12
 Stab: Fleeing           |       |       |     1 |       ||     1
Armor: Scale mail        |    37 |    46 |   110 |     1 ||   194
Dodge: Dodged            |    32 |    45 |   113 |       ||   190
Block: Buckler           |    23 |    24 |    68 |       ||   115

Table legend: (Time is in decaauts)
 A = Elapsed time spent in this place.
 B = Non-inter-level travel time spent in this place.
 C = Inter-level travel time spent in this place.
 D = Time resting spent in this place.
 E = Time spent auto-exploring this place.
 F = Levels seen in this place.
 G = Mean time per level.
                   A        B        C        D        E       F      G
               +--------+--------+--------+--------+--------+-----+--------+
         Total |   7806 |   7500 |    306 |   1013 |   5342 |   9 |  867.3 |
       Dungeon |   7685 |   7393 |    292 |   1013 |   5254 |   8 |  960.6 |
        Temple |    120 |    106 |     14 |      0 |     88 |   1 |  120.0 |
               +--------+--------+--------+--------+--------+-----+--------+

Top non-repeatable levels by time:
     D:7: 1297 daAuts
     D:6: 1290 daAuts
     D:5: 1102 daAuts
     D:2: 1044 daAuts
     D:3: 985 daAuts
     D:4: 955 daAuts
     D:1: 677 daAuts
     D:8: 334 daAuts
  Temple: 120 daAuts
